Workbook

Sheet VALOR GLOBAL
B3: Valor global (Serviços de limpeza, conservação e auxílio na manutenção e operação do CIRPA Bebedouro)
B4: Item | C4: Descrição | D4: Und | E4: Quant. | F4: Preço Unit. Mensal | G4: Valor (R$)
B5: 1 | C5: Conservação e Limpeza
B6: 1.1 | C6: Área Interna | D6: m² | E6: ='CALCULO DAS AREAS'!C25 -> 2404.3 | F6: ='Complemento para limpeza '!B35 -> 5.7444459 | G6: =E6*ROUND(F6,6) -> 13811.372
B7: 1.2 | C7: Área Externa | D7: m² | E7: ='CALCULO DAS AREAS'!C10 -> 217761.15 | F7: ='Complemento para limpeza '!B36 -> 0.15779175 | G7: =E7*ROUND(F7,6) -> 34360.967
B8: 1.3 | C8: Esquadrias Externa e Interna | D8: m² | E8: ='CALCULO DAS AREAS'!C29 -> 50.33 | F8: ='Complemento para limpeza '!B37 -> 1.5515806 | G8: =E8*ROUND(F8,6) -> 78.091072
B9: VALOR TOTAL MENSAL | G9: =SUM(G6:G8) -> 48250.43
B10: VALOR TOTAL GLOBAL (12 MESES) | G10: =G9*12 -> 579005.16

Sheet QUADRO RESUMO
B2: QUADRO RESUMO - VALOR DOS SERVIÇOS DE CONSERVAÇÃO E LIMPEZA- Prestação de serviços no CIRPA - Bebedouro (3º CIB)
B4: Tipo de Serviço (A) | C4: Valor Proposto por profissional (B) | D4: Valor Proposto por Àrea (m²) (D) | E4: Quant. de Área Total por Tipo de Serviço (m²) (E) | F4: Valor Mensal por Tipo de Serviço F = D x E
B5: Serviços de Limpeza e Conservação - Área Interna - Encarregado | C5: =ENCARREGADO!D144 -> 5455.1647 | D5: ='Complemento para limpeza '!D5 -> 0.57122144 | E5: ='Complemento para limpeza '!C35 -> 2404.3 | F5: =ROUND(D5,6)*E5 -> 1373.3867
B6: Serviços de Limpeza e Conservação - Área Externa - Encarregado | C6: =ENCARREGADO!D144 -> 5455.1647 | D6: ='Complemento para limpeza '!D15 -> 0.01569064 | E6: ='Complemento para limpeza '!C36 -> 217761.15 | F6: =ROUND(D6,6)*E6 -> 3416.8902
B7: Serviços de Limpeza e Conservação - Esquadrias Internas e Externas - Encarregado | C7: =ENCARREGADO!D144 -> 5455.1647 | D7: ='Complemento para limpeza '!G25 -> 0.15428749 | E7: ='CALCULO DAS AREAS'!C29 -> 50.33 | F7: =ROUND(D7,6)*E7 -> 7.7652647
B8: Serviços de Limpeza e Conservação - Área Interna - Servente | C8: =SERVENTE!D148 -> 4940.4293 | D8: ='Complemento para limpeza '!D4 -> 5.1732244 | E8: ='Complemento para limpeza '!C35 -> 2404.3 | F8: =ROUND(D8,6)*E8 -> 12437.982
B9: Serviços de Limpeza e Conservação - Área Externa - Servente | C9: =SERVENTE!D148 -> 4940.4293 | D9: ='Complemento para limpeza '!D14 -> 0.14210111 | E9: ='Complemento para limpeza '!C36 -> 217761.15 | F9: =ROUND(D9,6)*E9 -> 30944.077
B10: Serviços de Limpeza e Conservação - Esquadrias Internas e Externas - Servente | C10: =SERVENTE!D148 -> 4940.4293 | D10: ='Complemento para limpeza '!G24 -> 1.3972931 | E10: ='CALCULO DAS AREAS'!C29 -> 50.33 | F10: =ROUND(D10,6)*E10 -> 70.325757
B11: VALOR TOTAL MENSAL | F11: =SUM(F5:F10) -> 48250.428
B12: VALOR TOTAL GLOBAL (12 MESES) | F12: =F11*12 -> 579005.13

Sheet SERVENTE
A2: PLANILHA DE CUSTOS E FORMAÇÃO DE PREÇOS
A3: MODELO PARA A CONSOLIDAÇÃO E APRESENTAÇÃO DE PROPOSTAS
A4: Com ajustes após publicação da Lei n° 13.467, de 2017.
A7: A | B7: Município/UF | C7: Petrolina-PE
A8: B | B8: Ano do Acordo, Convenção ou Dissídio Coletivo | C8: 2025
A9: C | B9: Nº de meses de execução contratual | C9: 12 meses
A11: IDENTIFICAÇÃO DO SERVIÇO
A12: Tipo de Serviço | C12: Unidade de Medida | D12: Quant. a contratar (em função da unid. de Medida)
A13: A - Limpeza e conservação - Áreas Internas | C13: m2 | D13: 2454.63
A14: B - Limpeza e conservação - Áreas Externas | C14: m2 | D14: 217761.15
A15: C - Limpeza e conservação - Esquadrias | C15: m2 | D15: 50.33
A16: Categoria profissional vinculada à execução contratual | C16: Servente
A18: Descrição: Contratação dos serviços continuados de limpeza, conservação e auxílio na manutenção e operação do Centro Integrado de Recursos Pesqueiros e Aquicultura de Bebedouro - CIRPA Bebedouro (3ª GRR/CIB)
A20: Módulo 1 - Composição da Remuneração
A22: 1 | B22: Composição da Remuneração | C22: Percentual (%) | D22: Valor (R$)
A23: A | B23: Salário-Base | D23: 1528.65
A24: B | B24: Adicional de Periculosidade
A25: C | B25: Adicional de Insalubridade | C25: 0.2 | D25: =1518*C25 -> 303.6
A26: D | B26: Adicional Noturno
A27: E | B27: Adicional de Hora Noturna Reduzida
A28: G | B28: Outros (especificar)
A29: Total | D29: =SUM(D23:D28) -> 1832.25
A32: Módulo 2 - Encargos e Benefícios Anuais, Mensais e Diários
A34: Submódulo 2.1 - 13º (décimo terceiro) Salário, Férias e Adicional de Férias
A36: 2.1 | B36: 13º (décimo terceiro) Salário, Férias e Adicional de Férias | C36: Percentual (%) | D36: Valor (R$) | G36: 3000
A37: A | B37: 13º (décimo terceiro) Salário | C37: =1/12 -> 0.083333333 | D37: =D29*C37 -> 152.6875
A38: B | B38: Férias e Adicional de Férias | C38: =(1+1/3)*(1/12) -> 0.11111111 | D38: =D29*C38 -> 203.58333 | F38: =(1/3)*(1/12) -> 0.027777778 | G38: =(1+1/3)*(1/12) -> 0.11111111
A39: Total | D39: =SUM(D37:D38) -> 356.27083 | F39: =G36*F38 -> 83.333333 | G39: =G36*G38 -> 333.33333
G40: =4000/12 -> 333.33333
A42: Submódulo 2.2 - Encargos Previdenciários (GPS), Fundo de Garantia por Tempo de Serviço (FGTS) e outras contribuições.
A44: 2.2 | B44: GPS, FGTS e outras contribuições | C44: Percentual (%) | D44: Valor (R$)
A45: A | B45: INSS | C45: 0.2 | D45: =($D$39+$D$29)*C45 -> 437.70417
A46: B | B46: Salário Educação | C46: 0.025 | D46: =($D$39+$D$29)*C46 -> 54.713021
A47: C | B47: SAT | C47: 0.03 | D47: =($D$39+$D$29)*C47 -> 65.655625
A48: D | B48: SESC ou SESI | C48: 0.015 | D48: =($D$39+$D$29)*C48 -> 32.827813
A49: E | B49: SENAI - SENAC | C49: 0.01 | D49: =($D$39+$D$29)*C49 -> 21.885208
A50: F | B50: SEBRAE | C50: 0.006 | D50: =($D$39+$D$29)*C50 -> 13.131125
A51: G | B51: INCRA | C51: 0.002 | D51: =($D$39+$D$29)*C51 -> 4.3770417
A52: H | B52: FGTS | C52: 0.08 | D52: =($D$39+$D$29)*C52 -> 175.08167
A53: Total | C53: =SUM(C45:C52) -> 0.368 | D53: =SUM(D45:D52) -> 805.37567
A56: Submódulo 2.3 - Benefícios Mensais e Diários.
H57: BRNRFÍCIOS
A58: 2.3 | B58: Benefícios Mensais e Diários | C58: Percentual (%) | D58: Valor (R$) | I58: VALOR | J58: QUANT DIÁRIA | K58: NQUANT | L58: TOAL | M58: V. LIQ
A59: A | B59: Transporte | H59: V. TRANSP | L59: =I59*J59*K59 -> 0
A60: B | B60: Auxílio-Refeição/Alimentação | D60: =15*22 -> 330 | H60: V. ALIM | I60: 15 | J60: 1 | K60: 22 | L60: =I60*J60*K60 -> 330 | M60: =L60 -> 330
A61: D | B61: Assistência Médica e Familiar | D61: =M61 -> 78.59 | H61: A. MÉD | I61: 78.59 | M61: =I61 -> 78.59 | O61: =M60+M62 -> 472.05
A62: E | B62: Seguro de vida, Invalidez e Auxilio funeral | H62: Cestas básica | I62: 142.05 | M62: =I62 -> 142.05
A63: G | B63: Cesta básica | D63: =M62 -> 142.05 | H63: SEGURO | I63: 0 | M63: =I63 -> 0
A64: Total | D64: =SUM(D59:D63) -> 550.64
A67: Quadro-Resumo do Módulo 2 - Encargos e Benefícios anuais, mensais e diários
A69: 2 | B69: Encargos e Benefícios Anuais, Mensais e Diários | D69: Valor (R$)
A70: 2.1 | B70: 13º (décimo terceiro) Salário, Férias e Adicional de Férias | D70: =D39 -> 356.27083
A71: 2.2 | B71: GPS, FGTS e outras contribuições | D71: =D53 -> 805.37567
A72: 2.3 | B72: Benefícios Mensais e Diários | D72: =D64 -> 550.64
A73: Total | D73: =SUM(D70:D72) -> 1712.2865
A76: Módulo 3 - Provisão para Rescisão
A78: 3 | B78: Provisão para Rescisão | C78: Percentual (%) | D78: Valor (R$)
A79: A | B79: Aviso Prévio Indenizado | C79: =56.24%*5.55%*(1/12) -> 0.0026011 | D79: =C79*($D$29+$D$39) -> 5.6925615
A80: B | B80: Incidência do FGTS sobre o Aviso Prévio Indenizado | C80: =(0.26%*8%) -> 0.000208 | D80: =C80*($D$29+$D$39) -> 0.45521233
A81: C | B81: Multa do FGTS e contribuição social sobre o Aviso Prévio Indenizado | C81: =56.24%*5.55%*40%*8% -> 0.0009988224 | D81: =C81*($D$29+$D$39) -> 2.1859436
A82: D | B82: Aviso Prévio Trabalhado | C82: =(56.24%)*94.45%*(7/30)/12 -> 0.010328632 | D82: =C82*($D$29+$D$39) -> 22.604427
A83: E | B83: Incidência dos encargos do submódulo 2.2 sobre o Aviso Prévio Trabalhado | C83: =(1.03%*36.8%) -> 0.0037904 | D83: =C83*($D$29+$D$39) -> 8.2953694
A84: F | B84: Multa do FGTS e contribuição social sobre o Aviso Prévio Trabalhado | C84: =56.24%*94.45%*40%*8% -> 0.016997978 | D84: =C84*($D$29+$D$39) -> 37.200428
A85: Total | C85: =SUM(C79:C84) -> 0.034924932 | D85: =SUM(D79:D84) -> 76.433942
A88: Módulo 4 - Custo de Reposição do Profissional Ausente
A91: Submódulo 4.1 - Ausências Legais
A93: 4.1 | B93: Ausências Legais | C93: Percentual (%) | D93: Valor (R$)
A94: A | B94: Férias | C94: 0.083333333 | D94: =($D$29+$D$73)*C94 -> 295.37804
A95: B | B95: Ausências Legais | C95: =(8/30)*(1/12) -> 0.022222222 | D95: =($D$29+$D$73)*C95 -> 78.767478
A96: C | B96: Licença-Paternidade | C96: =(20/30)/12*1.416%*45.22% -> 0.00035573067 | D96: =($D$29+$D$73)*C96 -> 1.2609003
A97: D | B97: Ausência por acidente de trabalho | C97: =(15/30)/12*0.44% -> 0.00018333333 | D97: =($D$29+$D$73)*C97 -> 0.64983169
A98: E | B98: Afastamento Maternidade | C98: =(120/30)/12*1.416%*54.78%*36.8% -> 0.00095150669 | D98: =($D$29+$D$73)*C98 -> 3.3726502
A99: F | B99: Outros (especificar)
A100: Total | C100: =SUM(C93:C99) -> 0.10704613 | D100: =SUM(D94:D99) -> 379.4289
A103: Submódulo 4.2 - Intrajornada
A105: 4.2 | B105: Intrajornada | C105: Percentual (%) | D105: Valor (R$)
A106: A | B106: Intervalo para repouso e alimentação
A107: Total
A110: Quadro-Resumo do Módulo 4 - Custo de Reposição do Profissional Ausente
A112: 4 | B112: Custo de Reposição do Profissional Ausente | C112: Percentual (%) | D112: Valor (R$)
A113: 4.1 | B113: Ausências Legais | D113: =D100 -> 379.4289
A114: 4.2 | B114: Intrajornada
A115: Total | D115: =SUM(D113:D114) -> 379.4289
A118: Módulo 5 - Insumos Diversos
A120: 5 | B120: Insumos Diversos | C120: Percentual (%) | D120: Valor (R$)
A121: A | B121: Uniformes e Equipamentos- EPIS (Camisa, Calça e Botas) | D121: =25.53 -> 25.53
A122: B | B122: Materiais de Limpeza | D122: 124.54
A123: Total | D123: =SUM(D121:D122) -> 150.07
A126: Módulo 6 - Custos Indiretos, Tributos e Lucro
A128: 6 | B128: Custos Indiretos, Tributos e Lucro | C128: Percentual (%) | D128: Valor (R$)
A129: A | B129: Custos Indiretos | C129: 0.03 | D129: =TRUNC(C129*D146,2) -> 124.51
A130: B | B130: Lucro | C130: 0.0557 | D130: =TRUNC((D146+D129)*C130,2) -> 238.11
A131: C | B131: Tributos | C131: =SUM(C132:C134) -> 0.0865 | D131: =D132+D133+D134 -> 427.34
B132: C.1. Tributos Federais (PIS) | C132: 0.0065 | D132: =ROUND(($D$146+$D$129+$D$130)/(1-$C$131)*C132,2) -> 32.11
B133: C.2. Tributos Estaduais (COFINS) | C133: 0.03 | D133: =ROUND(($D$146+$D$129+$D$130)/(1-$C$131)*C133,2) -> 148.21
B134: C.3. Tributos Municipais (ISS) | C134: 0.05 | D134: =ROUND(($D$146+$D$129+$D$130)/(1-$C$131)*C134,2) -> 247.02
A135: Total | D135: =D129+D130+D131 -> 789.96
A138: 2. QUADRO-RESUMO DO CUSTO POR EMPREGADO
B140: Mão de obra vinculada à execução contratual (valor por empregado) | C140: Percentual (%) | D140: Valor (R$)
A141: A | B141: Módulo 1 - Composição da Remuneração | D141: =D29 -> 1832.25
...

Sheet ENCARREGADO
A1: PLANILHA DE CUSTOS E FORMAÇÃO DE PREÇOS
A2: MODELO PARA A CONSOLIDAÇÃO E APRESENTAÇÃO DE PROPOSTAS
A3: Com ajustes após publicação da Lei n° 13.467, de 2017.
A5: A | B5: Município/UF | C5: Petrolina-PE
A6: B | B6: Ano do Acordo, Convenção ou Dissídio Coletivo | C6: 2025
A7: C | B7: Nº de meses de execução contratual | C7: 12 meses
A9: IDENTIFICAÇÃO DO SERVIÇO
A10: Tipo de Serviço | C10: Unidade de Medida | D10: Quant. a contratar (em função da unid. de Medida)
A11: A - Encarregado | C11: Posto | D11: 1
A12: Categoria profissional vinculada à execução contratual | C12: Encarregado
A14: Descrição: Contratação dos serviços continuados de limpeza, conservação e auxílio na manutenção e operação do Centro Integrado de Recursos Pesqueiros e Aquicultura de Bebedouro - CIRPA Bebedouro (3ª GRR/CIB)
A16: Módulo 1 - Composição da Remuneração
A18: 1 | B18: Composição da Remuneração | C18: Percentual (%) | D18: Valor (R$)
A19: A | B19: Salário-Base | D19: 1829.61
A20: B | B20: Adicional de Periculosidade
A21: C | B21: Adicional de Insalubridade | C21: 0.2 | D21: =1518*C21 -> 303.6
A22: D | B22: Adicional Noturno
A23: E | B23: Adicional de Hora Noturna Reduzida
A24: G | B24: Outros (especificar)
A25: Total | D25: =SUM(D19:D24) -> 2133.21
A28: Módulo 2 - Encargos e Benefícios Anuais, Mensais e Diários
A30: Submódulo 2.1 - 13º (décimo terceiro) Salário, Férias e Adicional de Férias
A32: 2.1 | B32: 13º (décimo terceiro) Salário, Férias e Adicional de Férias | C32: Percentual (%) | D32: Valor (R$)
A33: A | B33: 13º (décimo terceiro) Salário | C33: =1/12 -> 0.083333333 | D33: =D25*C33 -> 177.7675
A34: B | B34: Férias e Adicional de Férias | C34: =(1+1/3)*(1/12) -> 0.11111111 | D34: =D25*C34 -> 237.02333
A35: Total | D35: =SUM(D33:D34) -> 414.79083
A38: Submódulo 2.2 - Encargos Previdenciários (GPS), Fundo de Garantia por Tempo de Serviço (FGTS) e outras contribuições.
A40: 2.2 | B40: GPS, FGTS e outras contribuições | C40: Percentual (%) | D40: Valor (R$)
A41: A | B41: INSS | C41: 0.2 | D41: =($D$35+$D$25)*C41 -> 509.60017
A42: B | B42: Salário Educação | C42: 0.025 | D42: =($D$35+$D$25)*C42 -> 63.700021
A43: C | B43: SAT | C43: 0.03 | D43: =($D$35+$D$25)*C43 -> 76.440025
A44: D | B44: SESC ou SESI | C44: 0.015 | D44: =($D$35+$D$25)*C44 -> 38.220013
A45: E | B45: SENAI - SENAC | C45: 0.01 | D45: =($D$35+$D$25)*C45 -> 25.480008
A46: F | B46: SEBRAE | C46: 0.006 | D46: =($D$35+$D$25)*C46 -> 15.288005
A47: G | B47: INCRA | C47: 0.002 | D47: =($D$35+$D$25)*C47 -> 5.0960017
A48: H | B48: FGTS | C48: 0.08 | D48: =($D$35+$D$25)*C48 -> 203.84007
A49: Total | C49: =SUM(C41:C48) -> 0.368 | D49: =SUM(D41:D48) -> 937.66431
A52: Submódulo 2.3 - Benefícios Mensais e Diários.
H53: BRNRFÍCIOS
A54: 2.3 | B54: Benefícios Mensais e Diários | C54: Percentual (%) | D54: Valor (R$) | I54: VALOR | J54: QUANT DIÁRIA | K54: NQUANT | L54: TOAL | M54: V. LIQ
A55: A | B55: Transporte | H55: V. TRANSP | L55: =I55*J55*K55 -> 0
A56: B | B56: Auxílio-Refeição/Alimentação | D56: =15*22 -> 330 | H56: V. ALIM | I56: 15 | J56: 1 | K56: 22 | L56: =I56*J56*K56 -> 330 | M56: =L56 -> 330
A57: D | B57: Assistência Médica e Familiar | D57: =M57 -> 78.59 | H57: A. MÉD | I57: 78.59 | M57: =I57 -> 78.59 | O57: =M56+M58 -> 472.05
A58: E | B58: Seguro de vida, Invalidez e Auxilio funeral | H58: Cestas básica | I58: 142.05 | M58: =I58 -> 142.05
A59: G | B59: Cesta básica | D59: =M58 -> 142.05 | H59: SEGURO | I59: 0 | M59: =I59 -> 0
A60: Total | D60: =SUM(D55:D59) -> 550.64
A63: Quadro-Resumo do Módulo 2 - Encargos e Benefícios anuais, mensais e diários
A65: 2 | B65: Encargos e Benefícios Anuais, Mensais e Diários | D65: Valor (R$)
A66: 2.1 | B66: 13º (décimo terceiro) Salário, Férias e Adicional de Férias | D66: =D35 -> 414.79083
A67: 2.2 | B67: GPS, FGTS e outras contribuições | D67: =D49 -> 937.66431
A68: 2.3 | B68: Benefícios Mensais e Diários | D68: =D60 -> 550.64
A69: Total | D69: =SUM(D66:D68) -> 1903.0951
A72: Módulo 3 - Provisão para Rescisão
A74: 3 | B74: Provisão para Rescisão | C74: Percentual (%) | D74: Valor (R$)
A75: A | B75: Aviso Prévio Indenizado | C75: =56.24%*5.55%*(1/12) -> 0.0026011 | D75: =C75*($D$25+$D$35) -> 6.627605
A76: B | B76: Incidência do FGTS sobre o Aviso Prévio Indenizado | C76: =(0.26%*8%) -> 0.000208 | D76: =C76*($D$25+$D$35) -> 0.52998417
A77: C | B77: Multa do FGTS e contribuição social sobre o Aviso Prévio Indenizado | C77: =56.24%*5.55%*40%*8% -> 0.0009988224 | D77: =C77*($D$25+$D$35) -> 2.5450003
A78: D | B78: Aviso Prévio Trabalhado | C78: =(56.24%)*94.45%*(7/30)/12 -> 0.010328632 | D78: =C78*($D$25+$D$35) -> 26.317364
A79: E | B79: Incidência dos encargos do submódulo 2.2 sobre o Aviso Prévio Trabalhado | C79: =(1.03%*36.8%) -> 0.0037904 | D79: =C79*($D$25+$D$35) -> 9.6579424
A80: F | B80: Multa do FGTS e contribuição social sobre o Aviso Prévio Trabalhado | C80: =56.24%*94.45%*40%*8% -> 0.016997978 | D80: =C80*($D$25+$D$35) -> 43.310861
A81: Total | C81: =SUM(C75:C80) -> 0.034924932 | D81: =SUM(D75:D80) -> 88.988756
A84: Módulo 4 - Custo de Reposição do Profissional Ausente
A87: Submódulo 4.1 - Ausências Legais
A89: 4.1 | B89: Ausências Legais | C89: Percentual (%) | D89: Valor (R$)
A90: A | B90: Férias | C90: 0.083333333 | D90: =($D$25+$D$69)*C90 -> 336.35876
A91: B | B91: Ausências Legais | C91: =(8/30)*(1/12) -> 0.022222222 | D91: =($D$25+$D$69)*C91 -> 89.69567
A92: C | B92: Licença-Paternidade | C92: =(20/30)/12*1.416%*45.22% -> 0.00035573067 | D92: =($D$25+$D$69)*C92 -> 1.4358375
A93: D | B93: Ausência por acidente de trabalho | C93: =(15/30)/12*0.44% -> 0.00018333333 | D93: =($D$25+$D$69)*C93 -> 0.73998928
A94: E | B94: Afastamento Maternidade | C94: =(120/30)/12*1.416%*54.78%*36.8% -> 0.00095150669 | D94: =($D$25+$D$69)*C94 -> 3.8405713
A95: F | B95: Outros (especificar)
A96: Total | C96: =SUM(C89:C95) -> 0.10704613 | D96: =SUM(D90:D95) -> 432.07083
A99: Submódulo 4.2 - Intrajornada
A101: 4.2 | B101: Intrajornada | C101: Percentual (%) | D101: Valor (R$)
A102: A | B102: Intervalo para repouso e alimentação
A103: Total
A106: Quadro-Resumo do Módulo 4 - Custo de Reposição do Profissional Ausente
A108: 4 | B108: Custo de Reposição do Profissional Ausente | C108: Percentual (%) | D108: Valor (R$)
A109: 4.1 | B109: Ausências Legais | D109: =D96 -> 432.07083
A110: 4.2 | B110: Intrajornada
A111: Total | D111: =SUM(D109:D110) -> 432.07083
A114: Módulo 5 - Insumos Diversos
A116: 5 | B116: Insumos Diversos | C116: Percentual (%) | D116: Valor (R$)
A117: A | B117: Uniformes e Equipamentos- EPIS (Camisa, Calça e Botas) | D117: =25.53 -> 25.53
A118: B | B118: Materiais de Limpeza
A119: Total | D119: =SUM(D117:D118) -> 25.53
A122: Módulo 6 - Custos Indiretos, Tributos e Lucro
A124: 6 | B124: Custos Indiretos, Tributos e Lucro | C124: Percentual (%) | D124: Valor (R$)
A125: A | B125: Custos Indiretos | C125: 0.03 | D125: =TRUNC(C125*D142,2) -> 137.48
A126: B | B126: Lucro | C126: 0.0557 | D126: =TRUNC((D142+D125)*C126,2) -> 262.92
A127: C | B127: Tributos | C127: =SUM(C128:C130) -> 0.0865 | D127: =D128+D129+D130 -> 471.87
B128: C.1. Tributos Federais (PIS) | C128: 0.0065 | D128: =ROUND(($D$142+$D$125+$D$126)/(1-$C$127)*C128,2) -> 35.46
B129: C.2. Tributos Estaduais (COFINS) | C129: 0.03 | D129: =ROUND(($D$142+$D$125+$D$126)/(1-$C$127)*C129,2) -> 163.65
B130: C.3. Tributos Municipais (ISS) | C130: 0.05 | D130: =ROUND(($D$142+$D$125+$D$126)/(1-$C$127)*C130,2) -> 272.76
A131: Total | D131: =D125+D126+D127 -> 872.27
A134: 2. QUADRO-RESUMO DO CUSTO POR EMPREGADO
B136: Mão de obra vinculada à execução contratual (valor por empregado) | C136: Percentual (%) | D136: Valor (R$)
A137: A | B137: Módulo 1 - Composição da Remuneração | D137: =D25 -> 2133.21
A138: B | B138: Módulo 2 - Encargos e Benefícios Anuais, Mensais e Diários | D138: =D69 -> 1903.0951
A139: C | B139: Módulo 3 - Provisão para Rescisão | D139: =D81 -> 88.988756
A140: D | B140: Módulo 4 - Custo de Reposição do Profissional Ausente | D140: =D111+D97 -> 432.07083
...

Sheet Complemento para limpeza 
A1: PREÇO MENSAL UNITÁRIO POR METRO QUADRADO (m²)
A2: A - ÁREA INTERNA COM INSALUBRIDADE
A3: MÃO-DE-OBRA | B3: PRODUTIVIDADE ( 1 / m² ) ( 1 ) | C3: PREÇO HOMEM-MÊS ( R$ ) ( 2 ) | D3: SUBTOTAL (R$ / m² ) (3 = 1 x 2)
A4: Servente | B4: 1/955 | C4: =SERVENTE!D148 -> 4940.4293 | D4: =1/(955)*C4 -> 5.1732244 | I4: Produt. Méd.Área.Externa | L4: ='CALCULO DAS AREAS'!C32 -> 955
A5: Encarregado | B5: 1/(10x955) | C5: =ENCARREGADO!D144 -> 5455.1647 | D5: =(1/(10*955)*C5) -> 0.57122144 | I5: Produt. Méd.Área.Interna | L5: ='CALCULO DAS AREAS'!C33 -> 34767
I6: Produt. Méd.Esquadrias | L6: 300
A7: TOTAL (Área Tipo "A") | D7: =SUM(D4:D5) -> 5.7444459
A11: PREÇO MENSAL UNITÁRIO POR METRO QUADRADO (m²)
A12: B - ÁREA EXTERNA COM INSALUBRIDADE
A13: MÃO-DE-OBRA | B13: PRODUTIVIDADE ( 1 / m² ) ( 1 ) | C13: PREÇO HOMEM-MÊS ( R$ ) ( 2 ) | D13: SUBTOTAL (R$ / m² ) (3 = 1 x 2)
A14: Servente | B14: 1/34767 | C14: =C4 -> 4940.4293 | D14: =1/(34767)*C14 -> 0.14210111
A15: Encarregado | B15: 1/(10x34767) | C15: =C5 -> 5455.1647 | D15: =1/(34767*10)*C15 -> 0.01569064
A17: TOTAL (Área Tipo "B") | D17: =SUM(D14:D15) -> 0.15779175
A21: PREÇO MENSAL UNITÁRIO POR METRO QUADRADO (m²)
A22: C - ESQUADRIAS INTERNAS E EXTERNAS
A23: MÃO-DE-OBRA | B23: PRODUTIVIDADE ( 1 / m² ) (1) | C23: FREQUÊNCIA NO MÊS (HORA) (2) | D23: JORNADA DE TRABALHO NO MÊS (HORAS) 1/188,57 (3) | E23: (1x2x3) Ki (4) | F23: PREÇO HOMEM-MÊS (R$) (5) | G23: SUBTOTAL (R$ / m² ) (6 = 4 x 5)
A24: Servente | B24: 1/300 | C24: 16 | D24: =1/((30/7)*44) -> 0.0053030303 | E24: =1/300*C24*D24 -> 0.00028282828 | F24: =C14 -> 4940.4293 | G24: =F24*E24 -> 1.3972931
A25: Encarregado | B25: 1/(10x300) | C25: 16 | D25: =1/((30/7)*44) -> 0.0053030303 | E25: =1/(10*300)*C25*D25 -> 2.8282828e-05 | F25: =C15 -> 5455.1647 | G25: =E25*F25 -> 0.15428749
A27: TOTAL (Área Tipo "C") | G27: =G24+G25 -> 1.5515806
A32: II- VALOR MENSAL DOS SERVIÇOS DE CONSERVAÇÃO E LIMPEZA
A34: TIPO DA ÁREA | B34: PREÇO MENSAL UNITÁRIO (R$ m² ) | C34: ÁREA( m² ) | D34: SUBTOTAL (R$)
A35: A - Interna com Insalubridade | B35: =D7 -> 5.7444459 | C35: ='CALCULO DAS AREAS'!C25 -> 2404.3 | D35: =ROUND(B35,6)*C35 -> 13811.372
A36: B - Externa com Insalubridade | B36: =D17 -> 0.15779175 | C36: ='CALCULO DAS AREAS'!C10 -> 217761.15 | D36: =ROUND(B36,6)*C36 -> 34360.967
A37: C - Esquadrias | B37: =G27 -> 1.5515806 | C37: ='CALCULO DAS AREAS'!C29 -> 50.33 | D37: =ROUND(B37,6)*C37 -> 78.091072
A38: D - Serviços (Outros) | B38: 0 | C38: 0 | D38: =ROUND(B38,6)*C38 -> 0
A39: TOTAL MENSAL DOS SERVIÇOS | D39: =SUM(D35:D38) -> 48250.43
D41: =#REF! -> #REF! | E41: Mensal

Sheet CALCULO DAS AREAS
B2: AREA EXTERNA
B3: Local | C3: Área | D3: Unidade | E3: Periodicidade | F3: Índice de Prod. | G3: Efetivo
B4: Área Verde | C4: 76000 | D4: m2 | E4: Quinzenalmente | F4: 100000 | G4: =C4/F4 -> 0.76
B5: Dreno | C5: 1910 | D5: m2 | E5: Mensalmente | F5: 1200 | G5: =C5/F5 -> 1.5916667
B6: Viveiros Escavados | C6: 124600 | D6: m2 | E6: Diariamente | F6: 100000 | G6: =C6/F6 -> 1.246
B7: Tanques de Alvenaria | C7: 211.15 | D7: m2 | E7: 3x na semana | F7: 1200 | G7: =C7/F7 -> 0.17595833
B8: Comportas | C8: 40 | D8: m2 | E8: Mensalmente | F8: 1200 | G8: =C8/F8 -> 0.033333333
B9: Reservatórios | C9: 15000 | D9: m2 | E9: Mensalmente | F9: 5000 | G9: =C9/F9 -> 3
C10: =SUM(C4:C9) -> 217761.15 | G10: =ROUND(SUM(G4:G9),0) -> 7
B12: AREA INTERNA
B13: Local | C13: Área | D13: Unidade | E13: Periodicidade | F13: Índice de Prod. | G13: Efetivo
B14: Administração | C14: 221.73 | D14: m2 | E14: Diariamente | F14: 800 | G14: =C14/F14 -> 0.2771625
B15: Alojamento | C15: 58 | D15: m2 | E15: Diariamente | F15: 800 | G15: =C15/F15 -> 0.0725
B16: Garagem/Almoxarifados | C16: 117.82 | D16: m2 | E16: Quinzenalmente | F16: 1350 | G16: =C16/F16 -> 0.087274074
B17: Depósito de Rações | C17: 107 | D17: m2 | E17: Quinzenalmente | F17: 1350 | G17: =C17/F17 -> 0.079259259
B18: Depósito de Materiais | C18: 180 | D18: m2 | E18: Semanalmente | F18: 1350 | G18: =C18/F18 -> 0.13333333
B19: Auditório | C19: 511.21 | D19: m2 | E19: Semanalmente | F19: 800 | G19: =C19/F19 -> 0.6390125
B20: Esquadrias | C20: 0 | D20: m2 | E20: Semanalmente | F20: 300 | G20: =C20/F20 -> 0
B21: Pavilhão de incubação | C21: 198.38 | D21: m2 | E21: Diariamente | F21: 800 | G21: =C21/F21 -> 0.247975
B22: Sala de hipofisação | C22: 98.74 | D22: m2 | E22: Diariamente | F22: 800 | G22: =C22/F22 -> 0.123425
B23: Galpão de Larvicultura | C23: 850.7 | D23: m2 | E23: Diariamente | F23: 1350 | G23: =C23/F23 -> 0.63014815
B24: Centro de distribuição de Alevinos | C24: 60.72 | D24: m2 | E24: Diariamente | F24: 800 | G24: =C24/F24 -> 0.0759
C25: =SUM(C14:C24) -> 2404.3 | G25: =ROUND(SUM(G14:G24),0) -> 2
B27: ESQUADRIAS
B28: Local | C28: Área | D28: Unidade | E28: Periodicidade | F28: Índice de Prod. | G28: Efetivo
B29: Esquadrias | C29: 50.33 | D29: m2 | E29: Semanalmente | F29: 300 | G29: =C29/F29 -> 0.16776667
B31: PRODUTIVDADE
B32: Área Interna | C32: =ROUND(AVERAGE(F14:F24),0) -> 955
B33: Área Externa | C33: =ROUND(AVERAGE(F4:F9),0) -> 34767
B34: Esquadrias | C34: =ROUND(AVERAGE(F29),0) -> 300
B36: EFETIVO | C36: QUANT.
B37: Servente | C37: =ROUNDUP(G10+G25+G29,0) -> 10
B38: Encarregado | C38: 1
B39: Efetivo Total | C39: =C37+C38 -> 11
